 Dungeon Crawl Stone Soup version 0.30-a0-857-gcaf70739d4 (webtiles) character file.

Game seed: 444520451671719718

681 ragingrage the Cudgeller (level 7, -1/40 HPs)
             Began as a Gargoyle Warper on Mar 6, 2023.
             Was an Initiate of Yredelemnul.
             Slain by an ogre
             ... wielding a +0 giant club
              (20 damage)
             ... on level 4 of the Dungeon.
             The game lasted 00:04:35 (3853 turns).

ragingrage the Cudgeller (Gargoyle Warper)          Turns: 3853, Time: 00:04:36

Health: -1/40      AC: 22    Str: 15    XL:     7   Next: 61%
Magic:  10/10      EV:  9    Int: 13    God:    Yredelemnul [......]
Gold:   260        SH:  0    Dex:  9    Spells: 6/10 levels left

rFire   . . .      SeeInvis .    i - +2 dagger (venom)
rCold   . . .      Faith    .    (no shield)
rNeg    + + .      Spirit   .    k - +8 scale mail "Mux Ruf" {rPois rN+ Str-2}
rPois   ∞          Reflect  .    n - +2 helmet
rElec   +          Rampage  .    (no cloak)
rCorr   .                        (no gloves)
Will    .....                    (no boots) Stlth
                                 (no amulet)
HPRegen 0.26/turn                (no ring)
MPRegen 0.12/turn                (no ring)

@: no status effects
A: sickness immunity, AC +4, negative energy resistance 1, electricity
resistance, torment resistance 1, petrification resistance
a: Renounce Religion, Recall Undead Harvest


You were on level 4 of the Dungeon.
You worshipped Yredelemnul.
Yredelemnul was noncommittal.
You visited 1 branch of the dungeon, and saw 4 of its levels.
You also visited: Sewer.

You collected 260 gold pieces.

Inventory:

Hand Weapons
 a - a +0 mace
 i - a +2 dagger of venom (weapon)
Missiles
 d - 7 boomerangs of dispersal (quivered)
 l - 2 curare-tipped darts
 u - 5 poisoned darts
Armour
 k - the +8 scale mail "Mux Ruf" (worn) {rPois rN+ Str-2}
   (You found it on level 2 of the Dungeon)

   Str:       It affects your strength (-2).
   rPois:     It protects you from poison.
   rN:        It protects you from negative energy.
 n - a +2 helmet (worn)
 t - a +0 pair of gloves
Wands
 p - a wand of iceblast (18)
Scrolls
 b - a scroll of immolation {unknown}
 c - 2 scrolls of blinking
 f - 2 scrolls of identify {unknown}
 h - a scroll of enchant armour {unknown}
 j - a scroll of amnesia {unknown}
 o - 3 scrolls of noise {unknown}
 r - 2 scrolls of magic mapping {unknown}
 v - 2 scrolls of teleportation {unknown}
 w - a scroll of vulnerability {unknown}
 x - 2 scrolls of enchant weapon {unknown}
 y - a scroll of fear {unknown}
Potions
 e - 3 potions of flight {unknown}
 g - a potion of mutation {unknown}
 m - 2 potions of curing {unknown}
 q - 2 potions of heal wounds {unknown}
 s - 2 potions of attraction {unknown}
 z - a potion of magic {unknown}


   Skills:
 - Level 2.1 Fighting
 + Level 7.0 Maces & Flails
 - Level 0.8 Throwing
 - Level 1.1 Armour
 - Level 1.5 Dodging
 - Level 2.0 Stealth
 - Level 2.0 Spellcasting
 - Level 2.6 Translocations
 + Level 4.0 Invocations


You had 6 spell levels left.
You knew the following spells:

 Your Spells              Type           Power      Damage    Failure   Level
a - Blink                 Tloc           16%        N/A       45%         2
b - Lesser Beckoning      Tloc           16%        N/A       45%         2

Your spell library contained the following spells:

 Spells                   Type           Power      Damage    Failure   Level
 Teleport Other           Tloc           8%         N/A       71%         3
 Portal Projectile        Hex/Tloc       8%         N/A       87%         3
 Vhi's Electric Charge    Tloc/Air       8%         N/A       87%         3
 Call Canine Familiar     Summ           1%         N/A       97%         3
 Manifold Assault         Tloc           8%         N/A       98%         4
 Leda's Liquefaction      Hex/Erth       0%         N/A       100%        4


Dungeon Overview and Level Annotations

Branches:
Dungeon (4/15)              Sewer (visited)
 Temple: D:4-7

Altars:
Elyvilon
Qazlal
Uskayaw
Yredelemnul


Innate Abilities, Weirdness & Mutations

You are immune to sickness and miasma.
Your stone body is resilient. (AC +4)
You are immune to poison.
You resist negative energy. (rN+)
You are resistant to electric shocks. (rElec)
You are resistant to unholy torment.
You are immune to petrification.


Message History

Reactivating autopickup.
You feel a bit more experienced.
The dead are walking!
Your Maces & Flails skill increases to level 7!
Your Invocations skill increases to level 4!
Things that are here:
a +0 scythe; a +0 robe Unknown command.
You start resting.
r - 2 scrolls labelled ETIDYA PIMAETH (gained 1)
Things that are here:
a +0 scythe; a +0 robe You see here a +0 club.
x - 2 scrolls labelled QIOCUCVUI POCUAW (gained 1)
z - a lumpy ruby potion You see here a +0 flail.
v - 2 scrolls labelled LYSMI WETET (gained 1)
y - a scroll labelled UCHIYGENOI You see here a +0 long sword.
You see here a +0 flail.
An ogre is nearby!
The ogre completely misses you.
You hit the ogre.
The ogre is poisoned.
The ogre hits you with a +0 giant club!
You are too injured to fight recklessly!
You are too injured to fight recklessly!
You are too injured to fight recklessly!
You are too injured to fight recklessly!
You are too injured to fight recklessly!
You are too injured to fight recklessly!
You are too injured to fight recklessly!
You are too injured to fight recklessly!
You hit the ogre.
The ogre looks as sick as possible!
You hit the ogre but do no damage.
The ogre looks as sick as possible!
The ogre completely misses you.
You hit the ogre. The ogre hits you with a +0 giant club!
You barely miss the ogre. You hit the ogre.
The ogre looks as sick as possible!
The ogre hits you with a +0 giant club!!
Ouch! That really hurt!
You die...
Your body rises from the dead as a mindless zombie.

........#.# #.......#.#
#.......#.########
+?.?.............###
#...................
#...$...#.######.###
#..O....#.# #.......
###..@....#.# #.###...
#....Z#####.# #.######
#.###.### #.# #.#.#.#.
.. #)#...###.# #.......
# ###.###.....# ##.#.#.
#...).#...#.# #......
###.###Z###...# ##.#Z#.
#...# #)Z)....# #......
###.###.###.#.#####Z#.#.


You could see an ogre (extremely poisoned, ally target) and the friendly Sigmund
the human zombie.

Vanquished Creatures
  Sigmund (D:4)
  An ogre (D:4)
  2 bullfrogs (Sewer)
  A sleepcap (D:4)
  An iguana (D:4)
  An orc wizard (D:3)
  Robin (D:3)
  6 adders
  A gnoll (D:4)
  3 worms
  A dart slug (D:1)
  5 orcs
  7 endoplasms
  7 giant cockroaches
  14 goblins
  6 hobgoblins
  10 quokkas
  6 ball pythons
  5 bats
  4 frilled lizards
  2 kobolds (D:1)
  8 rats
93 creatures vanquished.

Vanquished Creatures (collateral kills)
  A jelly (D:4)
  An adder (D:4)
  A worm (D:2)
  2 ball pythons (Sewer)
  2 giant cockroaches
  6 goblins
  2 quokkas (Sewer)
  2 frilled lizards (Sewer)
  A kobold (D:4)
  A rat (D:3)
19 creatures vanquished.

Vanquished Creatures (others)
  An ogre zombie (D:4)
  An iguana zombie (D:4)
  2 adder zombies
  2 ball python zombies (Sewer)
  2 endoplasm zombies
  4 frilled lizard zombies
  2 giant cockroach zombies (Sewer)
  A goblin zombie (D:4)
  A hobgoblin zombie (D:4)
  A kobold zombie (D:4)
  An orc zombie (D:3)
  2 quokka zombies
20 creatures vanquished.

Grand Total: 132 creatures vanquished

Notes
Turn   | Place    | Note
-------+----------+-------------------------------------------
     0 | D:1      | ragingrage the Gargoyle Warper began the quest for the Orb.
     0 | D:1      | Reached XP level 1. HP: 12/12 MP: 3/3
   185 | D:1      | Reached XP level 2. HP: 17/17 MP: 5/5
   235 | D:1      | Reached skill level 3 in Maces & Flails
   742 | D:2      | Found a faded altar of an unknown god.
   783 | D:2      | Reached XP level 3. HP: 21/21 MP: 6/6
   846 | D:2      | Identified the +8 scale mail "Mux Ruf" {rPois rN+ Str-2}
   953 | D:2      | Reached skill level 1 in Stealth
  1066 | D:2      | Prayed at the altar of an unknown god.
  1066 | D:2      | Became a worshipper of Yredelemnul the Dark
  1066 | D:2      | Reached * piety under Yredelemnul
  1226 | D:2      | Reached XP level 4. HP: 24/26 MP: 7/7
  1564 | D:3      | Reached skill level 4 in Maces & Flails
  1686 | D:3      | Reached XP level 5. HP: 21/30 MP: 8/8
  1689 | D:3      | Reached ** piety under Yredelemnul
  1759 | D:3      | Found a white marble altar of Elyvilon.
  1788 | D:3      | Noticed Robin
  1793 | D:3      | Killed Robin
  1833 | D:3      | Found a stormy altar of Qazlal.
  2077 | D:3      | Reached skill level 5 in Maces & Flails
  2104 | D:3      | Reached *** piety under Yredelemnul
  2255 | D:3      | Found a hide-covered altar of Uskayaw.
  2587 | D:4      | Noticed Sigmund
  2593 | D:3      | Learned a level 2 spell: Blink
  2596 | D:3      | Learned a level 2 spell: Lesser Beckoning
  2616 | D:4      | Noticed an ogre
  2626 | D:4      | Killed an ogre
  2627 | D:4      | Reached XP level 6. HP: 35/35 MP: 9/9
  2676 | D:4      | Reached skill level 6 in Maces & Flails
  2676 | D:4      | Reached skill level 1 in Invocations
  2741 | D:4      | Found a glowing drain.
  2774 | Sewer    | Entered a sewer
  2995 | Sewer    | Reached XP level 7. HP: 32/40 MP: 10/10
  3301 | D:4      | Found the +4 robe of Folly {Brill Will-∞ Int+8}
  3699 | D:4      | Killed Sigmund
  3700 | D:4      | Reached skill level 7 in Maces & Flails
  3853 | D:4      | Slain by an ogre

Illustrated notes

Levels and vault maps discovered:
D:1:      minmay_arrival_plants_in_alcoves, layout_basic, serial_curves,
          eino_curves_01, eino_curves_03, minmay_misc_feat_x
D:2:      layout_loops_ring, basic_ecumenical_altar
D:3:      layout_loops_ring, mainiacjoe_overflow_concentric_impassable,
          nicolae_elyvilon_peaceful_grove, nicolae_qazlal_general_emergency,
          hangedman_decor_slide_cut, uniq_robin
D:4:      layout_basic, portal_sewer_entry_f, st_stairs_9, minmay_quantized,
          uniq_sigmund

Skill      XL: |  1  2  3  4  5  6  7 |
---------------+----------------------+-----
Maces & Flails | 3 4 5 6 7 |  7.0
Stealth        | 1 2 |  2.0
Invocations    | 2 4 |  4.0
Fighting       | |  2.1
Throwing       | |  0.8
Armour         | |  1.1
Dodging        | |  1.5
Spellcasting   | |  2.0
Translocations | |  2.6

Action                     |  1- 3 |  4- 6 |  7- 9 || total
---------------------------+-------+-------+-------++-------
  Melee: Mace              |    50 |       |       ||    50
         Dagger            |    53 |   234 |    47 ||   334
 Invoke: Recall Undead Har |       |     2 |       ||     2
   Stab: Distracted        |       |     2 |       ||     2
 Armour: Leather armour    |    19 |       |       ||    19
         Scale mail        |    19 |   160 |    19 ||   198
  Dodge: Dodged            |    41 |   124 |    10 ||   175

Table legend: (Time is in decaauts)
 A = Elapsed time spent in this place.
 B = Non-inter-level travel time spent in this place.
 C = Inter-level travel time spent in this place.
 D = Time resting spent in this place.
 E = Time spent auto-exploring this place.
 F = Levels seen in this place.
 G = Mean time per level.
                   A        B        C        D        E       F      G
               +--------+--------+--------+--------+--------+-----+--------+
         Total |   3962 |   3714 |    248 |    206 |   2506 |   5 |  792.4 |
       Dungeon |   3381 |   3133 |    248 |    206 |   2119 |   4 |  845.2 |
         Sewer |    580 |    580 |      0 |      0 |    387 |   1 |  580.0 |
               +--------+--------+--------+--------+--------+-----+--------+

Top non-repeatable levels by time:
     D:3: 1062 daAuts
     D:2: 873 daAuts
     D:1: 757 daAuts
     D:4: 687 daAuts
   Sewer: 580 daAuts
